 Dungeon Crawl Stone Soup version 0.23-a0-625-g1d2cd9b (webtiles) character file.

235 galech the Skirmisher (level 5, -1/42 HPs)
             Began as a Demonspawn Fighter on Dec 24, 2018.
             Slain by Sigmund
             ... wielding a +0 scythe
              (2 damage)
             ... on level 4 of the Dungeon.
             The game lasted 00:03:25 (2421 turns).

galech the Skirmisher (Demonspawn Fighter)          Turns: 2421, Time: 00:03:26

Health: -1/42      AC: 14    Str: 22    XL:     5   Next: 76%
Magic:  5/5        EV:  8    Int:  9    God:
Gold:   212        SH:  9    Dex: 13    Spells: 4/4 levels left

rFire    . . .     SeeInvis .   a - +0 war axe
rCold    . . .     Gourm    .   c - +0 shield
rNeg     . . .     Faith    .   b - +0 scale mail
rPois    .         Spirit   .   n - +0 helmet
rElec    .         Reflect  .   (no cloak)
rCorr    .         Harm     .   (no gloves)
MR       .....                  (no boots)
Stlth    ..........             (no amulet)
HPRegen  0.14/turn              (no ring)
MPRegen  0.09/turn              (no ring)

@: mighty
A: iridescent scales 3, powered by pain 1
a: no special abilities


You were on level 4 of the Dungeon.
You were not hungry.

You visited 1 branch of the dungeon, and saw 4 of its levels.

You collected 212 gold pieces.

Inventory:

Hand Weapons
 a - a +0 war axe (weapon)
 r - a +1 short sword of flaming
Armour
 b - a +0 scale mail (worn)
 c - a +0 shield (worn)
 n - a +0 helmet (worn)
Scrolls
 e - 3 scrolls of identify {unknown}
 h - a scroll of remove curse {unknown}
 i - a scroll of random uselessness {unknown}
 j - a scroll of enchant armour {unknown}
 l - a scroll of enchant weapon {unknown}
 o - a scroll of noise {unknown}
Potions
 d - a potion of agility {unknown}
 g - a potion of resistance {unknown}
 k - 3 potions of curing {unknown}
 m - a potion of flight {unknown}
 p - a potion of haste {unknown}
 s - a potion of ambrosia {unknown}
Comestibles
 f - 3 rations
 q - 8 chunks of flesh


   Skills:
 + Level 3.7 Fighting
 + Level 3.6 Axes
 + Level 3.2 Armour
 + Level 1.1 Dodging
 + Level 0.2 Stealth
 + Level 3.7 Shields


You had 4 spell levels left.
You didn't know any spells.
Your spell library was empty.

Dungeon Overview and Level Annotations

Branches:
Dungeon (4/15)
 Temple: D:4-7

Altars:

Annotations:
D:3 Grinder
D:4 Sigmund


Innate Abilities, Weirdness & Mutations

You are completely covered in iridescent scales. (AC +6)
You sometimes gain a little power by taking damage.


Message History

Something hits you!
You focus on the pain.
You feel very mighty all of a sudden. Something hits you but does no damage.
Something hits you but does no damage.
You closely miss something. Something hits you.
You barely miss something.
You hear some strange, mumbled words.
A magic dart appears from out of thin air!
The magic dart hits you! Something hits you.
You closely miss something. Something hits you but does no damage.
You slash something! You closely miss something. Something hits you!
* * * LOW HITPOINT WARNING * * *
You closely miss something. Something hits you!
* * * LOW HITPOINT WARNING * * *
You closely miss something. Something hits you.
* * * LOW HITPOINT WARNING * * *
You hit something. You block something's attack.
You barely miss something. Something hits you.
You die...

. ...# . ...#
#.#..# #######
#.#..###.....#
.....##.....# #
#...##.....#
#.#.##...##{@...#
#...............#
##.##...########
#.##...# #......#
####..## ##...###
##.###..... #.##
#.####


There were no monsters in sight!

Vanquished Creatures
  A bullfrog zombie (D:2)
  An orc priest (D:3)
  Jessica (D:2)
  An iguana (D:4)
  Robin (D:3)
  3 adders
  A worm (D:2)
  A dart slug (D:1)
  6 orcs
  2 ball pythons (D:2)
  9 bats
  2 giant cockroaches (D:3)
  14 goblins
  7 hobgoblins
  8 jackals
  4 kobolds
  2 quokkas (D:3)
  A frilled lizard (D:2)
  A leopard gecko skeleton (D:4)
  7 rats
73 creatures vanquished.

Notes
Turn   | Place    | Note
-------+----------+-------------------------------------------
     0 | D:1      | galech the Demonspawn Fighter began the quest for the Orb.
     0 | D:1      | Reached XP level 1. HP: 18/18 MP: 1/1
   244 | D:1      | Gained mutation: You sometimes gain a little power by
                  | taking damage. [demonic ancestry]
   244 | D:1      | Reached XP level 2. HP: 23/24 MP: 2/2
   650 | D:1      | Gained mutation: You are partially covered in iridescent
                  | scales. (AC +2) [demonic ancestry]
   650 | D:1      | Reached XP level 3. HP: 26/29 MP: 3/3
   843 | D:2      | Noticed Jessica
   848 | D:2      | Killed Jessica
   848 | D:2      | Gained mutation: You are mostly covered in iridescent
                  | scales. (AC +4) [demonic ancestry]
   848 | D:2      | Reached XP level 4. HP: 35/35 MP: 4/4
  1303 | D:3      | Noticed Robin
  1313 | D:3      | Killed Robin
  1313 | D:3      | Gained mutation: You are completely covered in iridescent
                  | scales. (AC +6) [demonic ancestry]
  1313 | D:3      | Reached XP level 5. HP: 29/41 MP: 5/5
  1770 | D:3      | Noticed Grinder
  1782 | D:3      | Reached skill level 1 in Dodging
  2069 | D:3      | Paralysed by Grinder for 4 turns
  2404 | D:4      | Noticed Sigmund
  2419 | D:4      | HP: 1/42 [something (2)]
  2421 | D:4      | Slain by Sigmund

Vault maps used:
D:1:      eino_arrival_water_cross, grunt_decor_resistance
D:2:      hangedman_abyss_or_decor_stabs, uniq_jessica
D:3:      gammafunk_ghost_gnarly_gnolls, first_ration, uniq_robin, uniq_grinder
D:4:      grunt_temple_overflow_opulence, gammafunk_temple_overflow_claw,
          tgw_xom, fedhas_altar_1, uniq_sigmund, uniq_blork_the_orc

Skill      XL: |  1  2  3  4  5 |
---------------+----------------+-----
Shields        | 3 |  3.7
Axes           | 2 3 |  3.6
Armour         | 3 |  3.2
Dodging        | 1 |  1.1
Fighting       | |  3.7
Stealth        | |  0.2

Action                   |  1- 3 |  4- 6 || total
-------------------------+-------+-------++-------
Melee: War axe           |    74 |   157 ||   231
  Use: Potion            |       |     1 ||     1
  Eat: Chunk             |       |     3 ||     3
       Ration            |       |     1 ||     1
Armor: Scale mail        |    44 |    75 ||   119
Dodge: Dodged            |    19 |    47 ||    66
Block: Shield            |    45 |    89 ||   134

Table legend:
 A = Non-vault XP
 B = Vault XP
 C = Vault XP percentage of total XP
 D = Non-vault monster count
 E = Vault monster count
 F = Vault count percentage of total count
                 A         B        C        D         E       F
            +---------+---------+-------+---------+---------+-------
      Total |     261 |      75 |  22.3 |      59 |      14 |  19.2
            +---------+---------+-------+---------+---------+-------
        D:1 |      46 |       0 |   0.0 |      21 |       0 |   0.0
        D:2 |      85 |      37 |  30.3 |      18 |       1 |   5.3
        D:3 |      81 |      38 |  31.9 |      13 |      13 |  50.0
        D:4 |      49 |       0 |   0.0 |       7 |       0 |   0.0
            +---------+---------+-------+---------+---------+-------
